 Dungeon Sprint DCSS version 0.27-a0-1090-gb115f176c6 (webtiles) character file.

Game seed: 7712943199490347028

1661 mhtbhm the Arsonist (level 8, 0/41 HPs)
             Began as a Deep Elf Fire Elementalist on Apr 28, 2021.
             Was a Priest of Vehumet.
             Shot with an arrow by a centaur warrior (9 damage)
             ... in the Dungeon (Sprint V: "Ziggurat Sprint").
             The game lasted 00:02:17 (463 turns).

mhtbhm the Arsonist (Deep Elf Fire Elementalist)     Turns: 463, Time: 00:02:18

Health: 0/41       AC:  8    Str:  5    XL:     8   Next: 69%
Magic:  15/25      EV: 16    Int: 35    God:    Vehumet [***...]
Gold:   0          SH:  0    Dex: 15    Spells: 14/30 levels left

rFire    + . .     SeeInvis .   C - +8 lance "Wyrmbane" {slay drac, rPois rF+ rC+ AC+3}
rCold    + . .     Faith    .   (no shield)
rNeg     . . .     Spirit   .   a - +0 steam dragon scales
rPois    +         Reflect  .   (no helmet)
rElec    .         Harm     .   (no cloak)
rCorr    .         Rampage  .   (no gloves)
Will     .....     NoTele   +   (no boots)
Stlth    ++++......             (no amulet)
HPRegen  0.13/turn              u - +6 ring of intelligence
MPRegen  0.19/turn              v - +6 ring of intelligence

@: no status effects
A: no striking features
a: Renounce Religion


You were in the Dungeon.
You worshipped Vehumet.
Vehumet was most pleased with you.
You visited 1 branch

Inventory:

Hand Weapons
 C - the +8 lance "Wyrmbane" (weapon) {slay drac, rPois rF+ rC+ AC+3}
   (You found it in the Dungeon)

   It affects your AC (+3).
   It protects you from fire.
   It protects you from cold.
   It protects you from poison.
Armour
 a - +0 steam dragon scales (worn)
Jewellery
 u - a +6 ring of intelligence (left hand)
 v - a +6 ring of intelligence (right hand)
Wands
 y - a wand of mindburst (7)
 z - a wand of iceblast (2)
 A - a wand of acid (5)
Scrolls
 h - 4 scrolls of blinking
 m - 4 scrolls of amnesia
 n - 7 scrolls of fog
 o - a scroll of holy word
 p - 5 scrolls of identify
 q - 2 scrolls of fear
Potions
 b - 2 potions of brilliance
 c - 10 potions of curing
 d - 10 potions of heal wounds
 e - 6 potions of haste
 f - 7 potions of magic
 g - 3 potions of berserk rage
 i - 2 potions of invisibility
 j - 4 potions of resistance
 k - a potion of experience
 l - 5 potions of might
Miscellaneous
 s - a condenser vane
 B - a lightning rod (4/4)


   Skills:
 + Level 8.3 Dodging
 + Level 7.7 Stealth
 + Level 11.9 Spellcasting
 + Level 4.1 Conjurations
 + Level 14.6 Fire Magic
 + Level 5.2 Evocations


You had 14 spell levels left.
You knew the following spells:

 Your Spells              Type           Power      Damage    Failure   Level
a - Foxfire               Conj/Fire      100%       2x1d9     1%          1
b - Conjure Flame         Conj/Fire      72%        6-21      1%          3
c - Inner Flame           Hex/Fire       64%        N/A       1%          3
d - Sticky Flame          Conj/Fire      72%        2d9       1%          4
e - Fireball              Conj/Fire      36%        3d15      1%          5

Your spell library contained the following spells:

 Spells                   Type           Power      Damage    Failure   Level
 Shock                    Conj/Air       100%       1d9       1%          1
 Summon Lightning Spire   Summ/Air       20%        N/A       21%         4
 Conjure Ball Lightning   Conj/Air       17%        3x3d6     32%         6
 Silence                  Hex/Air        10%        N/A       50%         5
 Tornado                  Air            10%        N/A       100%        9


Dungeon Overview and Level Annotations

Branches:
Dungeon (1/1)

Altars:
Ashenzari
Cheibriados
Dithmenos
Elyvilon
Fedhas
Gozag
Hepliaklqana
Kikubaaqudgha
Makhleb
Nemelex Xobeh
Okawaru
Qazlal
Ru
Sif Muna
Trog
Uskayaw
Vehumet
Wu Jian
Xom
Yredelemnul
Zin
The Shining One
Beogh
Jiyva
Lugonu

Annotations:
D 1 transporter


Message History

Found five items.
Found a transporter.
Unknown command.
Unknown command.
Casting: Sticky Flame (safe; 1% risk of failure)
Confirm with . or Enter, or press ? or * to list all spells.
Aiming: Fireball (dangerous; 1% risk of failure)
Press: ? - help, Shift-Dir - straight line The fireball explodes!
The fireball engulfs the vault sentinel!
The vault sentinel is moderately wounded.
The vault sentinel shouts!
The fireball engulfs the centaur warrior!
The centaur warrior is moderately wounded.
The centaur warrior shouts!
The fireball engulfs the vault warden but does no damage.
The vault warden shouts!
The fireball engulfs the vault sentinel!
The vault sentinel is lightly wounded.
The vault sentinel shouts!
The centaur warrior wields a +2 vorpal longbow.
The centaur warrior shoots an arrow.
The arrow hits you!!
Ouch! That really hurt!
* * * LOW HITPOINT WARNING * * *
The vault sentinel blows a loud note on a signal horn! x2
Unknown command.
Unknown command.
Casting: Fireball (dangerous; 1% risk of failure)
Confirm with . or Enter, or press ? or * to list all spells.
Aiming: Fireball (dangerous; 1% risk of failure)
Press: ? - help, Shift-Dir - straight line, f - centaur warrior
Aim: a centaur warrior, wielding a +2 vorpal longbow and quivering arrows (moderately wounded)
The fireball explodes!
The fireball engulfs the centaur warrior!
The centaur warrior is heavily wounded.
The fireball engulfs the vault sentinel!!
The vault sentinel is severely wounded.
The fireball engulfs the vault sentinel!!
The vault sentinel is severely wounded.
The centaur warrior shoots an arrow.
The arrow hits you!
You die...

▓..©..▓..©..▓▓▓▓▓▓▓
▓▓▓▓▓▓▓▓▓▓▓▓▓▓▓▓▓▓▓
▓..8©8...▓..8©8...▓
▓...|=...▓..pp)...▓
▓...|....▓..c.)...▓
▓........▓....p...▓
▓........▓........▓
▓.▓....▓.▓.▓....▓.▓
▓...©....▓...@....▓
▓▓▓▓▓▓▓▓▓▓▓▓▓▓▓▓▓▓▓


You could see a vault warden, a centaur warrior and 2 vault sentinels.

Vanquished Creatures
  A rime drake (D)
  2 slime creatures (D)
  4 air elementals (D)
  2 steam dragons (D)
  A swamp drake (D)
  A phantom (D)
  A jelly (D)
  A ball python skeleton (D)
13 creatures vanquished.

Notes
Turn   | Place    | Note
-------+----------+-------------------------------------------
     0 | D        | mhtbhm the Deep Elf Fire Elementalist began the quest for
                  | the Orb.
     0 | D        | Reached XP level 1. HP: 10/10 MP: 6/6
     0 | D        | Found a shimmering blue altar of Sif Muna.
     0 | D        | Found a bloodstained altar of Trog.
     0 | D        | Found a sacrificial altar of Ru.
     0 | D        | Found a stormy altar of Qazlal.
     0 | D        | Found an iron altar of Okawaru.
     1 | D        | Found a sparkling altar of Nemelex Xobeh.
     1 | D        | Found a blossoming altar of Fedhas.
     2 | D        | Found the +6 Majin-Bo {vamp, MP+6 Int+6}
     2 | D        | Found the +9 heavy crossbow "Sniper" {vorpal, Acc+∞ SInv}
     2 | D        | Found the +10 dark maul {vorpal}
     2 | D        | Found the +15 Maxwell's patent armour {-Cast -Tele rElec
                  | Will+ rCorr}
     2 | D        | Found the +18 shield of the Gong {rElec rN+ Will+ EV-5}
     2 | D        | Found the +14 obsidian axe {vorpal, Drain Fly SInv}
     2 | D        | Found the +7 great mace "Firestarter" {inner flame, rF++}
     2 | D        | Found the +6 shillelagh "Devastator" {shatter}
     2 | D        | Found the +11 plutonium sword {Contam Stlth-}
     2 | D        | Found the +8 lance "Wyrmbane" {slay drac, rPois rF+ rC+
                  | AC+3}
     2 | D        | Found the +9 sword of Zonguldrok {reap}
     2 | D        | Found the +13 scythe of Curses {drain, Drain}
     2 | D        | Found the +5 sword of Power {vorpal}
     2 | D        | Found the +7 mace of Variability {chain chaos}
     2 | D        | Found the +7 Singing Sword {vorpal, sonic wave}
     2 | D        | Found the +8 storm bow {elec, penet}
     3 | D        | Found a transporter.
     3 | D        | Found an ancient bone altar of Kikubaaqudgha.
     3 | D        | Found a viscous altar of Jiyva.
     3 | D        | Found a corrupted altar of Lugonu.
     3 | D        | Found a hazy altar of Hepliaklqana.
     3 | D        | Found a burning altar of Makhleb.
     3 | D        | Found an opulent altar of Gozag.
    12 | D        | Banished a spatial maelstrom
    42 | D        | Became a worshipper of Vehumet
    59 | D        | Entered arena 2.
    59 | D        | Noticed a phantom
    59 | D        | Found a transporter.
    62 | D        | Killed a phantom
    63 | D        | Reached skill level 5 in Spellcasting
    63 | D        | Reached skill level 7 in Fire Magic
    63 | D        | Reached skill level 1 in Evocations
    63 | D        | Reached XP level 2. HP: 15/15 MP: 6/10
    63 | D        | Reached XP level 3. HP: 19/19 MP: 7/12
    63 | D        | Reached XP level 4. HP: 24/24 MP: 7/13
   114 | D        | Learned a level 3 spell: Conjure Flame
   118 | D        | Learned a level 3 spell: Inner Flame
   123 | D        | Learned a level 4 spell: Sticky Flame
   124 | D        | Entered arena 3.
   124 | D        | Noticed a slime creature
   124 | D        | Noticed a slime creature
   124 | D        | Found a transporter.
   126 | D        | Reached * piety under Vehumet
   126 | D        | Offered knowledge of Shock by Vehumet.
   127 | D        | Reached skill level 8 in Fire Magic
   128 | D        | Killed a slime creature
   129 | D        | Reached skill level 5 in Dodging
   129 | D        | Reached skill level 5 in Stealth
   129 | D        | Reached skill level 10 in Fire Magic
   129 | D        | Reached XP level 5. HP: 28/28 MP: 13/17
   129 | D        | Reached XP level 6. HP: 32/32 MP: 14/19
   129 | D        | Killed a slime creature
   130 | D        | Reached skill level 11 in Fire Magic
   169 | D        | Learned a level 5 spell: Fireball
   171 | D        | Entered arena 4.
   171 | D        | Noticed a steam dragon
   171 | D        | Noticed a steam dragon
   171 | D        | Noticed a rime drake
   171 | D        | Noticed a swamp drake
   171 | D        | Found a transporter.
   173 | D        | Killed a swamp drake
   173 | D        | Reached ** piety under Vehumet
   173 | D        | Killed a steam dragon
   173 | D        | Killed a rime drake
   173 | D        | Killed a steam dragon
   174 | D        | Reached skill level 10 in Spellcasting
   174 | D        | Reached skill level 13 in Fire Magic
   174 | D        | Reached XP level 7. HP: 36/36 MP: 12/23
   174 | D        | Reached XP level 8. HP: 41/41 MP: 12/24
   258 | D        | Entered arena 5.
   258 | D        | Noticed an air elemental
   258 | D        | Noticed an air elemental
   258 | D        | Noticed an air elemental
   258 | D        | Noticed an air elemental
   258 | D        | Found a transporter.
   259 | D        | Killed an air elemental
   259 | D        | Reached *** piety under Vehumet
   260 | D        | Killed an air elemental
   260 | D        | Killed an air elemental
   261 | D        | Reached skill level 14 in Fire Magic
   261 | D        | Reached skill level 5 in Evocations
   262 | D        | Killed an air elemental
   461 | D        | Entered arena 6.
   461 | D        | Noticed a vault sentinel
   461 | D        | Noticed a vault sentinel
   461 | D        | Noticed a centaur warrior
   461 | D        | Noticed a vault warden
   461 | D        | Found a transporter.
   463 | D        | Shot with an arrow by a centaur warrior

Illustrated notes

Levels and vault maps discovered:
D:        sprint_v [room_start, room_1, room_2, room_3, room_4, room_5, room_6,
          room_7, room_8, room_9, room_10, room_11, room_12, room_13, room_14,
          room_15, room_16, room_17, room_18, room_19, room_20, room_21,
          room_22, room_23, room_24, room_25, room_26, room_27]

Skill      XL: |  1  2  3  4  5  6  7  8 |
---------------+-------------------------+-----
Dodging        | 4 5 7 8 |  8.3
Stealth        | 3 5 7 |  7.7
Spellcasting   | 5 8 10 11 | 11.9
Fire Magic     | 7 10 13 14 | 14.6
Evocations     | 1 2 4 5 |  5.2
Conjurations   | 2 4 |  4.1

Action                   |  1- 3 |  4- 6 |  7- 9 || total
-------------------------+-------+-------+-------++-------
 Cast: Fireball          |       |     2 |     3 ||     5
       Sticky Flame      |       |       |     2 ||     2
Evoke: Wand              |     2 |     4 |     1 ||     7
       Lightning rod     |     1 |     1 |       ||     2
Dodge: Dodged            |     1 |       |     1 ||     2

Table legend: (Time is in decaauts)
 A = Elapsed time spent in this place.
 B = Non-inter-level travel time spent in this place.
 C = Inter-level travel time spent in this place.
 D = Time resting spent in this place.
 E = Time spent auto-exploring this place.
 F = Levels seen in this place.
 G = Mean time per level.
                   A        B        C        D        E       F      G
               +--------+--------+--------+--------+--------+-----+--------+
         Total |    461 |    461 |      0 |    301 |      0 |   1 |  461.0 |
       Dungeon |    461 |    461 |      0 |    301 |      0 |   1 |  461.0 |
               +--------+--------+--------+--------+--------+-----+--------+

Top non-repeatable levels by time:
       D: 461 daAuts
